 Dungeon Crawl Stone Soup version 0.24-a0-459-g225fefd530 (webtiles) character file.

Game seed: 3503164684599354195

42877 nikopol the Eclecticist (level 13, -3/64 HPs)
             Began as a Deep Elf Fire Elementalist on June 28, 2019.
             Was a High Priest of Vehumet.
             Slain by a seven-headed hydra (11 damage)
             ... on level 6 of the Lair of Beasts on July 1, 2019.
             The game lasted 01:02:17 (21231 turns).

nikopol the Eclecticist (DEFE)                     Turns: 21231, Time: 01:02:18

Health: -3/64      AC:  7    Str:  5    XL:     13   Next: 87%
Magic:  36/36      EV: 15    Int: 29    God:    Vehumet [*****.]
Gold:   1590       SH:  0    Dex: 15    Spells: 27/46 levels left

rFire    + . .     SeeInvis .   P - staff of conjuration
rCold    x . .     Gourm    .   (no shield)
rNeg     . . .     Faith    .   I - +0 robe
rPois    .         Spirit   .   w - +0 helmet {Int+3}
rElec    .         Reflect  .   (no cloak)
rCorr    .         Harm     .   C - +0 pair of gloves
MR       ++...                  s - +2 pair of boots {run}
Stlth    +++.......             (no amulet)
HPRegen  0.20/turn              Q - ring of protection from magic
MPRegen  0.25/turn              n - ring of fire

@: about to teleport, quick
A: no striking features
a: Renounce Religion


You were on level 6 of the Lair of Beasts.
You worshipped Vehumet.
Vehumet was extremely pleased with you.
You were very hungry.

You visited 3 branches of the dungeon, and saw 16 of its levels.
You also visited: Bailey and Ice Cave.

You collected 1590 gold pieces.

Inventory:

Armour
 s - a +2 pair of boots of running (worn)
 w - a +0 helmet of intelligence (worn)
 C - a +0 pair of gloves (worn)
 I - a +0 robe (worn)
 K - a +0 hat of magic resistance
Magical Staves
 P - an uncursed staff of conjuration (weapon)
Jewellery
 n - a ring of fire (right hand)
 Q - a ring of protection from magic (left hand)
Wands
 a - a wand of digging (5)
 q - a wand of flame (40)
 y - a wand of iceblast (9)
 A - a wand of acid (11)
 M - a wand of paralysis (19)
Scrolls
 e - 5 scrolls of teleportation
 k - a scroll of magic mapping {unknown}
 m - a scroll of blinking {unknown}
 o - 7 scrolls of amnesia
 p - a scroll of enchant weapon {unknown}
 t - 2 scrolls of immolation {unknown}
 u - 4 scrolls of remove curse
 B - a scroll of holy word {unknown}
 E - 2 scrolls of fear {unknown}
 F - a scroll of torment {unknown}
 G - 2 scrolls of fog {unknown}
 L - a scroll of vulnerability {unknown}
 N - 2 scrolls of enchant armour {unknown}
Potions
 b - a potion of might
 f - 4 potions of brilliance
 g - a potion of magic
 h - a potion of curing
 i - 3 potions of haste
 j - 2 potions of agility
 l - 3 potions of mutation
 r - a potion of invisibility
 v - 2 potions of heal wounds
 D - 2 potions of lignification
Comestibles
 c - 30 rations


   Skills:
 + Level 1.1 Fighting
 + Level 5.3 Dodging
 + Level 5.1 Stealth
 + Level 17.2 Spellcasting
 + Level 14.5 Conjurations
 + Level 1.4 Translocations
 + Level 14.3 Fire Magic


You had 27 spell levels left.
You knew the following spells:

 Your Spells              Type           Power        Failure   Level  Hunger
a - Flame Tongue          Conj/Fire      #####        0%          1    None
b - Throw Flame           Conj/Fire      ######       0%          2    None
c - Conjure Flame         Conj/Fire      ########     0%          3    None
d - Sticky Flame          Conj/Fire      ########     1%          4    None
e - Fireball              Conj/Fire      ########..   1%          5    None
f - Force Lance           Conj/Tloc      #######.     1%          4    None

Your spell library contained the following spells:

 Spells                   Type           Power        Failure   Level  Hunger
 Lee's Rapid Deconstruct  Erth           ###.......   13%         5    None
 Confusing Touch          Hex            ###...       1%          1    None
 Corona                   Hex            ###....      1%          1    None
 Freeze                   Ice            ###.         1%          1    None
 Infusion                 Chrm           ###.         1%          1    None
 Shock                    Conj/Air       ####         1%          1    None
 Shroud of Golubria       Chrm/Tloc      ####..       1%          2    None
 Throw Frost              Conj/Ice       ######       1%          2    None
 Dazzling Spray           Conj/Hex       ######       1%          3    None
 Inner Flame              Hex/Fire       #######.     1%          3    None
 Static Discharge         Conj/Air       #######.     1%          3    None
 Throw Icicle             Conj/Ice       #######.     1%          4    None
 Lightning Bolt           Conj/Air       #######...   1%          5    None
 Ensorcelled Hibernation  Hex/Ice        ###...       2%          2    None
 Song of Slaying          Chrm           ###.....     2%          2    None
 Swiftness                Chrm/Air       ###.....     2%          2    None
 Gell's Gravitas          Tloc           ####......   3%          3    None
 Portal Projectile        Hex/Tloc       ####..       4%          3    None
 Confuse                  Hex            ###.....     5%          3    None
 Ozocubu's Armour         Chrm/Ice       ###.....     5%          3    None
 Regeneration             Chrm/Necr      ###.......   5%          3    None
 Spectral Weapon          Hex/Chrm       ###.....     5%          3    None
 Tukima's Dance           Hex            ###.....     5%          3    None
 Airstrike                Air            ###.......   5%          4    None
 Yara's Violent Unravell  Hex/Tmut       ###.......   13%         5    None
 Petrify                  Tmut/Erth      ###.....     19%         4    None
 Summon Ice Beast         Ice/Summ       ###.....     19%         4    None
 Metabolic Englaciation   Hex/Ice        ###.......   45%         5    None
 Dispersal                Tloc           ####......   83%         6    ##.....
 Controlled Blink         Tloc           N/A          100%        8    ######.
 Disjunction              Tloc           ####......   100%        8    ######.


Dungeon Overview and Level Annotations

Branches:
Dungeon (9/15)             Temple (1/1) D:5            Lair (6/6) D:9
  Swamp (0/4) Lair:4       Spider (0/4) Lair:3
  Slime: Lair:5-6       Orc: D:9-12

Altars:
Ashenzari
Cheibriados
Dithmenos
Elyvilon
Fedhas
Gozag
Hepliaklqana
Kikubaaqudgha
Makhleb
Nemelex Xobeh
Okawaru
Qazlal
Ru
Sif Muna
Trog
Uskayaw
Vehumet
Wu Jian
Xom
Yredelemnul
Zin
The Shining One

Annotations:
D:5 2 transporters
Lair:1 2 transporters, Ratty's ghost, journeyman CeHu


Message History

You are feeling very hungry.
You start resting.
HP restored.
Done exploring.
You climb downwards.
The seven-headed hydra barely misses you.
The seven-headed hydra bites you! x2; The seven-headed hydra misses you.
The seven-headed hydra bites you! x2
* * * LOW HITPOINT WARNING * * *
The seven-headed hydra bites you.
* * * LOW HITPOINT WARNING * * *
There is a stone staircase leading up, spattered with blood here.
As you read the scroll of teleportation, it crumbles to dust.
You feel strangely unstable.
The seven-headed hydra closely misses you.
The seven-headed hydra bites you!
* * * LOW HITPOINT WARNING * * *
The seven-headed hydra bites you but does no damage.
The seven-headed hydra bites you!
You die...

....
##.............#
..≈.
####.##......#P#
#....###...###
#.P.P≈##..##
##....≈#...#
#≈≈..≈.≈..÷#
#≈≈...≈###.#
#≈≈P≈≈≈.##÷#
#.≈≈≈...≈.D@#
#≈≈P≈≈≈≈....#
#≈P≈≈≈..≈..##
.≈≈≈≈≈.≈..#.#
.≈≈≈≈≈≈.≈..##
≈≈≈≈≈≈≈...†#
≈≈≈≈≈≈.≈.##
≈≈#≈≈≈.≈.# ######
§
#≈≈≈P≈P####...##.


You could see a seven-headed hydra.

Vanquished Creatures
  Gastronok (Lair:2)
  5 hydras
  A two-headed ogre (D:9)
  Sonja (Lair:1)
  Nergalle (Lair:4)
  A lindwurm (Lair:4)
  An ugly thing (IceCv)
  6 elephants
  Joseph (D:8)
  3 black mambas
  2 rime drakes
  25 spiny frogs
  7 komodo dragons
  A jumping spider (Lair:3)
  2 tyrant leeches (Lair:6)
  A polar bear (Lair:5)
  2 hornets (D:9)
  Prince Ribbit (D:5)
  18 blink frogs
  4 bog bodies (Lair:4)
  7 dream sheep (Lair:6)
  8 hippogriffs
  A wyvern (Lair:4)
  A wraith (D:8)
  21 yaks
  Menkaure (D:5)
  3 vampire mosquitoes (Lair:6)
  A swamp worm (Lair:4)
  2 soldier ants (D:9)
  9 water moccasins
  11 porcupines
  4 black bears
  3 orc warriors
  8 ice beasts
  3 sky beasts
  2 necrophages
  A phantom (D:6)
  2 ogres
  4 centaurs
  9 wolves
  12 crocodiles
  20 bullfrogs
  8 gnoll sergeants (Bailey)
  A wyvern skeleton (D:9)
  3 scorpions
  5 killer bees (D:7)
  3 wights (D:9)
  2 electric eels
  6 howler monkeys
  A bullfrog zombie (D:7)
  A centaur zombie (D:7)
  3 crimson imps
  An orc priest (D:9)
  6 hounds
  2 jellies
  6 gnoll shamans (Bailey)
  8 orc wizards
  3 iguanas
  A bullfrog skeleton (D:4)
  7 worker ants
  A hound skeleton (D:9)
  22 gnolls
  A howler monkey zombie (D:6)
  12 adders
  2 shadow imps
  12 white imps (Lair:4)
  An ooze (D:6)
  An adder skeleton (D:9)
  3 worms
  2 dart slugs (D:1)
  6 leopard geckos
  32 orcs
  4 giant cockroaches
  9 goblins
  3 hobgoblins (D:1)
  4 quokkas
  2 ball pythons
  5 bats
  3 frilled lizards
  9 kobolds
  A leopard gecko skeleton (D:4)
  7 rats
  4 fungi
  7 plants
437 creatures vanquished.

Vanquished Creatures (others)
  16 fungi
  34 plants
50 creatures vanquished.

Grand Total: 487 creatures vanquished

Notes
Turn   | Place    | Note
-------+----------+-------------------------------------------
     0 | D:1      | nikopol the Deep Elf Fire Elementalist began the quest for
                  | the Orb.
     0 | D:1      | Reached XP level 1. HP: 10/10 MP: 6/6
   288 | D:1      | Reached XP level 2. HP: 15/15 MP: 6/8
   713 | D:1      | Reached XP level 3. HP: 19/19 MP: 7/10
   717 | D:1      | Learned a level 2 spell: Throw Flame
   721 | D:1      | Learned a level 3 spell: Conjure Flame
  2021 | D:3      | Reached XP level 4. HP: 24/24 MP: 9/11
  2084 | D:3      | Reached skill level 4 in Spellcasting
  2733 | D:4      | Reached XP level 5. HP: 22/28 MP: 5/13
  2750 | D:4      | Learned a level 4 spell: Sticky Flame
  2828 | D:4      | Identified a +2 pair of boots of running (You found it on
                  | level 4 of the Dungeon)
  2838 | D:4      | Reached skill level 5 in Fire Magic
  2984 | D:4      | Noticed an ogre
  2997 | D:4      | Killed an ogre
  2997 | D:4      | Reached skill level 5 in Spellcasting
  2997 | D:4      | Reached XP level 6. HP: 32/32 MP: 6/15
  3063 | D:4      | Learned a level 5 spell: Fireball
  3769 | D:5      | Entered Level 5 of the Dungeon
  3804 | D:5      | Noticed Prince Ribbit
  3808 | D:5      | Killed Prince Ribbit
  3808 | D:5      | Reached skill level 6 in Spellcasting
  3808 | D:5      | Reached XP level 7. HP: 17/36 MP: 9/18
  4126 | D:5      | Noticed Menkaure
  4130 | D:5      | Killed Menkaure
  4130 | D:5      | Reached skill level 7 in Spellcasting
  4132 | D:5      | Found a transporter.
  4159 | D:5      | Found a transporter.
  4374 | D:5      | Reached skill level 5 in Conjurations
  4398 | D:5      | Found a staircase to the Ecumenical Temple.
  4405 | Temple   | Entered the Ecumenical Temple
  4660 | D:5      | Reached XP level 8. HP: 39/41 MP: 14/21
  4828 | D:5      | Reached skill level 8 in Spellcasting
  5858 | D:6      | Reached skill level 9 in Spellcasting
  6170 | D:6      | Reached XP level 9. HP: 46/46 MP: 2/24
  6416 | D:7      | Found a blossoming altar of Fedhas.
  7004 | D:8      | Reached skill level 10 in Spellcasting
  7328 | D:8      | Found a sacrificial altar of Ru.
  7395 | D:8      | Found a flagged portal.
  7402 | Bailey   | Entered a bailey
  8287 | Bailey   | Reached skill level 11 in Spellcasting
  8819 | D:8      | Learned a level 4 spell: Force Lance
  8988 | D:8      | Reached XP level 10. HP: 51/51 MP: 18/27
  9399 | D:7      | Noticed Joseph
  9406 | D:8      | Killed Joseph
 10207 | Temple   | Became a worshipper of Vehumet
 10431 | D:9      | Noticed a two-headed ogre
 10439 | D:9      | Killed a two-headed ogre
 10623 | D:9      | Reached skill level 12 in Spellcasting
 10678 | D:9      | Reached skill level 10 in Conjurations
 10712 | D:9      | Found a staircase to the Lair.
 10732 | D:9      | Reached skill level 1 in Translocations
 10915 | D:9      | Reached * piety under Vehumet
 10915 | D:9      | Offered knowledge of Shock by Vehumet.
 11379 | D:9      | Reached skill level 10 in Fire Magic
 11460 | D:9      | Paralysed by a hornet for 2 turns
 11685 | D:9      | Reached XP level 11. HP: 55/55 MP: 20/29
 11917 | Lair:1   | Entered Level 1 of the Lair of Beasts
 11950 | Lair:1   | Identified the +7 trident "Jeytzerom" {distort, *Slow rF+
                  | Dex+3}
 11950 | Lair:1   | Noticed a spriggan rider
 11953 | Lair:1   | Noticed Ratty's ghost (journeyman CeHu)
 11954 | Lair:1   | Found a bloodstained altar of Trog.
 11984 | Lair:1   | Found a transporter.
 12157 | Lair:1   | Found a transporter.
 12374 | Lair:1   | Reached skill level 13 in Spellcasting
 12438 | Lair:1   | Reached ** piety under Vehumet
 12438 | Lair:1   | Offered knowledge of Sandblast by Vehumet.
 12605 | Lair:1   | Noticed Sonja
 12607 | Lair:1   | Killed Sonja
 13913 | Lair:2   | Noticed Gastronok
 14920 | Lair:2   | Killed Gastronok
 14920 | Lair:2   | Reached skill level 5 in Stealth
 14920 | Lair:2   | Reached skill level 14 in Spellcasting
 14920 | Lair:2   | Reached XP level 12. HP: 11/60 MP: 1/32
 15478 | Lair:3   | You fall into a shaft and drop 1 floor!
 15529 | Lair:4   | Offered knowledge of Ignite Poison by Vehumet.
 15661 | Lair:4   | Reached *** piety under Vehumet
 15683 | Lair:4   | Reached skill level 1 in Fighting
 16013 | Lair:4   | Found a frozen archway.
 16026 | IceCv    | Entered an ice cave
 16032 | IceCv    | Offered knowledge of Iskenderun's Mystic Blast by Vehumet.
 16118 | IceCv    | Found a transporter.
 16167 | Lair:4   | Reached skill level 5 in Dodging
 16507 | Lair:4   | Noticed Nergalle
 16622 | Lair:3   | Reached skill level 15 in Spellcasting
 16777 | Lair:3   | Noticed a seven-headed hydra
 16781 | Lair:3   | Killed a seven-headed hydra
 17120 | Lair:3   | Found a hole to the Spider Nest.
 17401 | Lair:4   | Killed Nergalle
 17702 | Lair:4   | Reached **** piety under Vehumet
 17982 | Lair:4   | Offered knowledge of Venom Bolt by Vehumet.
 18267 | Lair:4   | Found a staircase to the Swamp.
 18551 | Lair:5   | Reached skill level 16 in Spellcasting
 18551 | Lair:5   | Reached XP level 13. HP: 52/64 MP: 12/35
 18679 | Lair:5   | Found a dark tunnel.
 19721 | Lair:6   | Entered Level 6 of the Lair of Beasts
 20491 | Lair:6   | Reached ***** piety under Vehumet
 20538 | Lair:6   | Offered knowledge of Lee's Rapid Deconstruction by Vehumet.
 20769 | Lair:6   | Reached skill level 17 in Spellcasting
 21231 | Lair:6   | Slain by a seven-headed hydra

Levels and vault maps discovered:
D:1:      moated_graveyard_arrival, layout_loops_ring, hangedman_decor_points
D:2:      layout_basic
D:3:      layout_loops_cross, first_ration, serial_bayou_lake_a
D:4:      layout_basic
D:5:      gammafunk_steamed_eel, layout_loops_corners,
          minmay_temple_entry_arrows, minmay_misc_feat_four_crosses,
          uniq_prince_ribbit1, uniq_menkaure
D:6:      layout_rooms, hangedman_abyss_or_decor_passed, grunt_ministairs_3
D:7:      layout_basic, fedhas_bush_and_centaur_altar, uniq_joseph
D:8:      layout_basic, nicolae_ru_path_of_blood, enter_bailey_3
D:9:      layout_irregular_city, due_lair_maze_entry_diamond,
          hangedman_pestilent_swarm
Temple:   nicolae_temple_the_god_donut
Lair:1:   layout_cave_pods, gammafunk_ghost_wrathful_warriors, st_stairs_4,
          minmay_holes, beast_lair_carwin_2, grunt_megastairs_2, uniq_sonja
Lair:2:   layout_regular_city, uniq_gastronok
Lair:3:   layout_regular_city, spider_nest_entry_rubble, minivault_23,
          lemuel_fruit_tree
Lair:4:   layout_hall_layers, nicolae_swamp_entry_splash_gauntlet,
          portal_ice_cave_entry_imps, chequers_serial_rivers_marsh,
          beast_lair_carwin_3, uniq_nergalle
Lair:5:   layout_hall_layers, enter_volcano_1
Lair:6:   minmay_lair_end_frog_pond, layout_loops_ring,
          minmay_slime_entry_oklob_enclosed, gammafunk_ghost_necromancy,
          chequers_serial_rivers_micro_d

Skill      XL: |  1  2  3  4  5  6  7  8  9 10 11 12 13 |
---------------+----------------------------------------+-----
Fire Magic     | 4 5 6 7 8 10 11 12 14 | 14.3
Spellcasting   | 4 5 6 7 9 11 12 14 16 17 | 17.2
Conjurations   | 2 3 4 5 7 9 10 12 13 14 | 14.5
Dodging        | 3 4 5 |  5.3
Stealth        | 3 4 5 |  5.1
Translocations | 1 |  1.4
Fighting       | 1 |  1.1

Action                   |  1- 3 |  4- 6 |  7- 9 | 10-12 | 13-15 || total
-------------------------+-------+-------+-------+-------+-------++-------
Melee: Unarmed           |     1 |       |       |       |       ||     1
       Dagger            |       |       |     3 |       |       ||     3
 Cast: Flame Tongue      |    58 |    69 |   313 |   297 |    54 ||   791
       Throw Flame       |       |     2 |    24 |    59 |    15 ||   100
       Conjure Flame     |       |     1 |    12 |     4 |       ||    17
       Sticky Flame      |       |     2 |    30 |    74 |    21 ||   127
       Fireball          |       |       |     6 |    65 |    52 ||   123
       Force Lance       |       |       |       |     5 |       ||     5
  Use: Scroll            |     1 |       |     6 |     5 |     6 ||    18
       Potion            |       |       |       |       |     1 ||     1
  Eat: Chunk             |     3 |     5 |    17 |    25 |     3 ||    53
       Ration            |       |       |       |     1 |     1 ||     2
Armor: Robe              |     5 |     4 |    14 |    10 |     8 ||    41
Dodge: Dodged            |    32 |    11 |    64 |    76 |    19 ||   202

Table legend:
 A = Non-vault XP
 B = Vault XP
 C = Vault XP percentage of total XP
 D = Non-vault monster count
 E = Vault monster count
 F = Vault count percentage of total count
                 A         B        C        D         E       F
            +---------+---------+-------+---------+---------+-------
      Total |   39007 |   22246 |  36.3 |     298 |     128 |  30.0
            +---------+---------+-------+---------+---------+-------
        D:1 |      48 |       0 |   0.0 |      21 |       0 |   0.0
        D:2 |      36 |       0 |   0.0 |      12 |       0 |   0.0
        D:3 |      56 |       0 |   0.0 |      13 |       0 |   0.0
        D:4 |     378 |       0 |   0.0 |      20 |       0 |   0.0
        D:5 |     697 |     436 |  38.5 |      21 |       2 |   8.7
        D:6 |    1436 |      32 |   2.2 |      31 |       1 |   3.1
        D:7 |     848 |     112 |  11.7 |      22 |       1 |   4.3
        D:8 |     977 |     458 |  31.9 |      18 |       5 |  21.7
        D:9 |    2426 |    2079 |  46.1 |      26 |      14 |  35.0
     Lair:1 |    3996 |    1519 |  27.5 |      19 |       5 |  20.8
     Lair:2 |    3883 |    2151 |  35.6 |      18 |       1 |   5.3
     Lair:3 |    3481 |     318 |   8.4 |      13 |       1 |   7.1
     Lair:4 |    5609 |    2931 |  34.3 |      24 |      23 |  48.9
     Lair:5 |    5722 |       0 |   0.0 |      18 |       0 |   0.0
     Lair:6 |    9414 |    9663 |  50.7 |      22 |      38 |  63.3
     Bailey |       0 |    1225 | 100.0 |       0 |      30 | 100.0
      IceCv |       0 |    1322 | 100.0 |       0 |       7 | 100.0
            +---------+---------+-------+---------+---------+-------
